Map: Bel'Shir Vestige LE (Void)

Players

Ryuu

  • Race: Zerg Zerg
  • League: Master
  • Spawn Location: 5:00

Railgan - Winner!

  • Race: Zerg Zerg
  • League: Grandmaster
  • Spawn Location: 11:00

VOD

Have the link to the VOD?

Description

Time

  • Played on: March 10, 2017, 10:46 a.m.
  • Length: 9:51
Show
View Real Time Build Order
Export as new Build Order

Ryuu Zerg 

Build Orders: Pool First 

Get SALT Encoding   

  12  0:00  Drone  
  13  0:12  Overlord  
  13  0:16  Drone  
  14  0:30  Drone x2  
  16  0:36  Drone  
  17  0:48  Spawning Pool  
  16  0:52  Drone  
  17  1:14  Drone, Hatchery  
  17  1:18  Drone  
  18  1:34  Queen  
  18  1:35  Zergling x2  
  18  1:36  Overlord  
  21  1:52  Drone  
  22  1:55  Drone  
  22  2:00  Drone  
  24  2:10  Queen  
  24  2:13  Drone  
  27  2:22  Drone  
  28  2:25  Queen  
  28  2:27  Drone  
  31  2:32  Drone  
  32  2:37  Drone  
  32  2:42  Drone  
  34  2:45  Overlord  
  34  2:46  Queen  
  36  2:55  Spine Crawler  
  35  3:01  Drone  
  35  3:05  Extractor  
  35  3:06  Extractor  
  35  3:09  Drone x4  
  38  3:14  Drone x3  
  38  3:15  Drone  
  42  3:23  Roach Warren, Evolution Chamber  
  40  3:29  Evolution Chamber  
  40  3:33  Drone x3  
  42  3:38  Overlord  
  42  3:40  Drone x2  
  44  3:51  Overlord  
  44  3:56  Extractor  
  44  3:58  Lair  
  44  4:00  Drone x4, Overlord  
  46  4:04  Drone x3  
  49  4:10  Drone  
  49  4:15  Overlord  
  50  4:17  Zerg Missile Weapons Level 1  
  50  4:24  Hatchery  
  49  4:27  Roach x2  
  49  4:31  Roach  
  55  4:35  Roach x2  
  59  4:40  Roach x2  
  63  4:46  Roach  
  63  4:51  Overlord x2  
  65  4:56  Glial Reconstitution  
  65  5:02  Overseer, Overlord  
  65  5:03  Overlord  
  65  5:04  Roach  
  67  5:09  Roach  
  71  5:14  Roach  
  71  5:17  Overlord x2  
  71  5:20  Roach x3  
  77  5:28  Roach x2  
  81  5:32  Roach  
  81  5:33  Roach  
  85  5:35  Overlord  
  85  5:39  Drone x3  
  88  5:45  Drone  
  88  5:49  Extractor, Drone x2  
  91  5:50  Drone x2  
  91  5:54  Overseer  
  92  5:59  Drone x3  
  95  6:07  Drone  
  95  6:09  Roach x5  
  104  6:14  Roach x2  
  100  6:20  Roach x2  
  100  6:21  Roach x2  
  100  6:24  Roach x2  
  110  6:42  Overlord  
  110  6:43  Zerg Missile Weapons Level 2, Overlord  
  108  6:48  Roach x3  
  108  6:54  Drone x4  
  106  7:01  Roach x5  
  108  7:09  Roach x2  
  108  7:13  Roach x3  
  108  7:14  Roach  
  120  7:16  Roach  
  120  7:18  Overlord x2  
  120  7:21  Extractor  
  120  7:22  Roach x2  
  125  7:28  Roach  
  125  7:29  Roach x3  
  133  7:32  Overlord x2  
  133  7:36  Roach  
  137  7:44  Roach x6  
  137  7:50  Roach x2  
  135  7:53  Roach  
  137  8:00  Roach  
  137  8:01  Roach x3  
  137  8:03  Overlord x2  
  145  8:11  Ravager  
  144  8:15  Drone  
  144  8:16  Drone x6  
  151  8:23  Overlord  
  151  8:37  Roach x2  
  151  8:38  Roach x4  
  147  8:44  Roach x5  
  131  8:51  Roach x3  
  129  8:56  Roach x2  
  125  9:04  Roach x4  
  125  9:09  Roach x5  
  123  9:13  Queen x3  
  127  9:20  Roach x3  
  129  9:31  Roach x4  
  129  9:32  Roach  
Show
View Real Time Build Order
Export as new Build Order

Railgan Zerg - Winner!

Build Orders: Hatch First 

Get SALT Encoding   

  12  0:02  Drone  
  13  0:12  Overlord  
  13  0:17  Drone  
  14  0:30  Drone x2  
  16  0:36  Drone  
  17  0:47  Drone  
  18  0:58  Hatchery  
  18  0:59  Drone  
  18  1:02  Extractor  
  17  1:13  Spawning Pool  
  17  1:18  Drone  
  17  1:19  Drone  
  18  1:28  Drone  
  19  1:43  Overlord  
  19  2:02  Queen  
  19  2:03  Zergling x4  
  23  2:10  Queen  
  23  2:12  Drone  
  23  2:13  Baneling Nest  
  25  2:22  Drone x3  
  28  2:31  Drone  
  28  2:33  Drone, Metabolic Boost  
  30  2:39  Queen  
  32  2:46  Drone  
  32  2:47  Queen  
  35  2:52  Overlord  
  35  2:56  Zergling x2  
  35  3:12  Drone x4, Overlord  
  39  3:17  Baneling  
  39  3:18  Drone  
  40  3:22  Lair  
  40  3:26  Drone x2  
  42  3:36  Drone  
  42  3:37  Drone x3  
  46  3:45  Roach Warren  
  44  3:48  Evolution Chamber, Drone  
  44  3:49  Drone x2  
  44  3:54  Extractor  
  45  3:58  Drone x3  
  49  4:07  Extractor, Hatchery  
  47  4:14  Overlord  
  47  4:15  Zerg Missile Weapons Level 1, Drone  
  48  4:18  Extractor  
  48  4:20  Drone x2  
  49  4:28  Drone  
  49  4:29  Drone  
  49  4:30  Overlord  
  51  4:34  Glial Reconstitution  
  51  4:36  Drone  
  52  4:40  Overlord  
  51  4:46  Roach  
  51  4:47  Drone, Roach  
  51  4:48  Drone x2  
  58  4:54  Extractor  
  58  4:55  Drone  
  58  4:56  Drone, Roach  
  58  4:57  Roach x2  
  65  5:05  Overlord, Roach  
  67  5:09  Roach  
  67  5:10  Roach x2  
  73  5:15  Unknown  
  73  5:24  Roach x4  
  81  5:28  Overlord  
  81  5:35  Roach  
  83  5:36  Roach x3  
  83  5:38  Overlord x2  
  89  5:49  Roach x4  
  97  5:55  Overlord  
  97  5:56  Roach x2  
  97  5:57  Roach  
  103  5:59  Roach  
  103  6:01  Roach  
  107  6:06  Roach  
  107  6:08  Roach  
  111  6:16  Roach x5  
  121  6:20  Zerg Missile Weapons Level 2  
  121  6:23  Overlord  
  121  6:32  Overlord  
  119  6:33  Drone x2  
  119  6:39  Ravager  
  118  6:40  Ravager  
  118  6:42  Drone  
  120  6:48  Roach x3  
  120  6:49  Roach  
  118  6:55  Roach x5  
  118  7:01  Roach x3  
  126  7:09  Drone x7  
  126  7:13  Extractor  
  132  7:16  Roach  
  132  7:19  Ravager  
  132  7:20  Ravager  
  132  7:22  Roach  
  138  7:25  Overlord  
  138  7:27  Overseer  
  138  7:32  Overlord  
  138  7:34  Overlord  
  138  7:36  Overlord  
  136  7:44  Roach  
  136  7:45  Roach x8  
  136  7:50  Drone x3  
  143  8:01  Roach x3  
  151  8:05  Roach  
  151  8:10  Roach x2  
  151  8:11  Overlord, Roach x5  
  165  8:15  Overlord  
  165  8:18  Roach  
  165  8:19  Roach  
  169  8:22  Ravager  
  169  8:23  Overlord  
  170  8:30  Roach  
  170  8:36  Roach  
  170  8:37  Hatchery, Roach x3  
  163  8:45  Roach x4  
  159  8:52  Roach  
  159  8:53  Roach x3  
  165  8:59  Extractor  
  158  9:04  Roach x5  
  152  9:10  Roach x3  
  154  9:18  Ravager x2  
  154  9:19  Ravager  
  154  9:21  Roach x4  
  165  9:31  Roach  
Tags
 
Add a new tag
Caveats
  • Supply blocks, unpowered buildings, or Contaminate may cause inaccurate times.
  • Supply counts are checked every 10 seconds.